 Dungeon Crawl Stone Soup version 0.22.0-75-g3901e79 (webtiles) character file.

5999 Wilfredo the Spear-Bearer (level 10, -7/91 HPs)
             Began as a Minotaur Berserker on Sept 15, 2018.
             Was an Elder of Trog.
             Mangled by a troll (10 damage)
             ... on level 9 of the Dungeon.
             The game lasted 01:06:14 (8735 turns).

Wilfredo the Spear-Bearer (Minotaur Berserker)      Turns: 8735, Time: 01:06:15

Health: -7/91      AC:  6    Str: 25    XL:     10   Next: 55%
Magic:  9/9        EV: 15    Int:  9    God:    Trog [****..]
Gold:   448        SH:  0    Dex: 13    Spells: 9/9 levels left

rFire    + . .     SeeInvis .   g - +8 flail "Otrug" {flame, *Rage Str+3 Int+5}
rCold    + . .     Gourm    .   (no shield)
rNeg     . . .     Faith    .   r - +2 animal skin
rPois    +         Spirit   .   (helmet restricted)
rElec    +         Reflect  .   v - +0 cloak
rCorr    +         Harm     .   z - +0 pair of gloves
MR       ++...     Rnd*Rage +   (no boots)
Stlth    ++........             E - amulet of the acrobat
HPRegen  1.25/turn              (no ring)
MPRegen  0.11/turn              (no ring)

@: resistant, regenerating
A: retaliatory headbutt, horns 2
a: Berserk, Trog's Hand, Brothers in Arms, Renounce Religion


You were on level 9 of the Dungeon.
You worshipped Trog.
Trog was greatly pleased with you.
You were very hungry.

You visited 1 branch of the dungeon, and saw 9 of its levels.

You collected 448 gold pieces.

Inventory:

Hand Weapons
 g - the +8 flail "Otrug" (weapon) {flame, *Rage Str+3 Int+5}
   (You found it on level 5 of the Dungeon)

   It has been specially enchanted to burn those struck by it, causing extra
   injury to most foes and up to half again as much damage against particularly
   susceptible opponents.
   It affects your strength (+3).
   It affects your intelligence (+5).
   It may make you go berserk in combat.
 m - a +0 halberd
 u - a +4 quarterstaff of chaos
 A - a +0 shortbow
 C - a +1 battleaxe
 D - a +2 great sword of electrocution
Missiles
 b - a throwing net
 d - 92 stones
 h - 130 arrows
 l - 17 tomahawks (quivered)
Armour
 j - a +2 ring mail
 r - a +2 animal skin (worn)
 v - a +0 cloak (worn)
 y - a +2 robe
 z - a +0 pair of gloves (worn)
Jewellery
 i - an uncursed ring of ice
 E - an amulet of the acrobat (around neck)
Wands
 o - a wand of random effects (37)
 s - a wand of scattershot (5)
 t - a wand of iceblast (6)
 w - a wand of digging (16)
Scrolls
 a - 2 scrolls of magic mapping
 k - 5 scrolls of teleportation
 B - a scroll of blinking
Potions
 e - a potion of berserk rage
 f - 4 potions of curing
 n - a potion of haste
 p - a potion of brilliance
 q - a potion of flight
 x - 2 potions of might
 G - a potion of mutation {unknown}
Comestibles
 c - 20 rations


   Skills:
 + Level 9.2 Fighting
 + Level 6.9 Long Blades
 + Level 6.0(9.4) Axes
 + Level 5.8(7.0) Maces & Flails
 + Level 9.4(10.2) Polearms
 + Level 1.9 Bows
 + Level 1.0 Throwing
 + Level 4.8 Armour
 + Level 6.6 Dodging
 + Level 3.2 Stealth


You had 9 spell levels left.
You didn't know any spells.
Your spell library was empty.

Dungeon Overview and Level Annotations

Branches:
Dungeon (9/15)             Temple (0/1) D:7            Lair (0/6) D:9
    Orc: D:9-12

Altars:
Ashenzari
Fedhas
Hepliaklqana
Qazlal
Sif Muna
Uskayaw
Vehumet
Wu Jian
Yredelemnul
Zin
The Shining One

Shops:
D:7 *


Innate Abilities, Weirdness & Mutations

You reflexively headbutt those who attack you in melee.
You have a pair of horns on your head.


Message History

You are feeling very hungry.
Trog will no longer gift you weapons. The yak gores you!
* * * LOW HITPOINT WARNING * * *
The troll bites you.
* * * LOW HITPOINT WARNING * * *
The troll claws you.
* * * LOW HITPOINT WARNING * * *
The troll claws you.
* * * LOW HITPOINT WARNING * * *
You fail to use your ability.
The yak gores you.
* * * LOW HITPOINT WARNING * * *
The troll completely misses you. The troll misses you.
The troll closely misses you.
It was a potion of resistance.
You feel protected. The yak gores you.
* * * LOW HITPOINT WARNING * * *
The troll bites you!
You die...

## ##.##
#...##
##.##..[##
# #..#
####.####
####..#
##....
#@Yl#
##..#
##T.# #..#
#..# #..#
#).# #...
#..# ##..
#..# #.(
#..# ##..
#..## #...
#(..#
##..#


You could see a yak, a troll and a basilisk.

Vanquished Creatures
  Erica (D:8)
  A troll (D:9)
  Sigmund (D:4)
  A wraith (D:8)
  2 wyverns
  A yak (D:9)
  Eustachio (D:5)
  3 hogs (D:9)
  A human (D:9)
  Duvessa (D:6)
  2 orc warriors
  2 ice beasts
  2 sky beasts
  2 black bears (D:6)
  2 phantoms
  5 ogres
  2 centaurs
  2 big kobolds
  Blork the orc (D:4)
  A bullfrog (D:6)
  Dowan (D:6)
  10 killer bees (D:9)
  4 wights (D:8)
  A bullfrog zombie (D:8)
  3 crimson imps
  A quasit (D:6)
  4 jellies
  Crazy Yiuf (D:4)
  6 hounds
  4 orc priests
  A centaur skeleton (D:2)
  2 bullfrog skeletons
  An iguana (D:7)
  4 orc wizards
  4 worker ants
  2 worker ant zombies
  Robin (D:4)
  3 gnolls (D:3)
  9 adders
  A shadow imp (D:5)
  An ooze (D:1)
  An adder skeleton (D:4)
  2 worms
  2 dart slugs (D:1)
  5 leopard geckos
  33 orcs
  8 bats
  5 giant cockroaches
  12 hobgoblins
  9 jackals
  2 quokkas (D:4)
  2 ball pythons
  6 frilled lizards
  2 gnoll zombies (D:8)
  16 goblins
  15 kobolds
  2 quokka skeletons
  9 rats
  2 fungi (D:4)
231 creatures vanquished.

Notes
Turn   | Place    | Note
-------+----------+-------------------------------------------
     0 | D:1      | Wilfredo the Minotaur Berserker began the quest for the
                  | Orb.
     0 | D:1      | Reached XP level 1. HP: 19/19 MP: 0/0
   388 | D:1      | Reached XP level 2. HP: 27/27 MP: 1/1
   830 | D:1      | Reached XP level 3. HP: 33/33 MP: 2/2
  1031 | D:1      | Reached ** piety under Trog
  1272 | D:2      | Found a shattered altar of Ashenzari.
  1273 | D:2      | Found a hazy altar of Hepliaklqana.
  1513 | D:2      | Reached skill level 5 in Axes
  1513 | D:2      | Reached XP level 4. HP: 41/41 MP: 3/3
  1669 | D:2      | Found a deep blue altar of Sif Muna.
  2583 | D:3      | Reached XP level 5. HP: 47/47 MP: 4/4
  2737 | D:3      | Reached *** piety under Trog
  2753 | D:3      | Reached skill level 1 in Polearms
  3377 | D:4      | Noticed Blork the orc
  3385 | D:4      | Killed Blork the orc
  3385 | D:4      | Reached XP level 6. HP: 55/55 MP: 5/5
  3421 | D:4      | Reached skill level 5 in Fighting
  3882 | D:4      | Noticed Robin
  3901 | D:4      | Killed Robin
  3901 | D:4      | Reached XP level 7. HP: 61/61 MP: 6/6
  3997 | D:4      | Noticed Sigmund
  4007 | D:4      | Reached skill level 5 in Polearms
  4009 | D:4      | Killed Sigmund
  4124 | D:4      | Found a runed door.
  4129 | D:4      | Noticed Crazy Yiuf
  4134 | D:4      | Killed Crazy Yiuf
  4442 | D:5      | Entered Level 5 of the Dungeon
  4534 | D:5      | Got an ichor-stained flail
  4538 | D:5      | Found a glowing silver altar of Zin.
  4538 | D:5      | Found a radiant altar of Vehumet.
  4539 | D:5      | Found a stormy altar of Qazlal.
  4553 | D:5      | Found a hide-covered altar of Uskayaw.
  4570 | D:5      | Reached skill level 1 in Stealth
  4613 | D:5      | Noticed Eustachio
  4621 | D:5      | Killed Eustachio
  4716 | D:5      | Found an ornate altar of the Wu Jian Council.
  4871 | D:5      | Reached XP level 8. HP: 70/70 MP: 7/7
  5185 | D:6      | Reached **** piety under Trog
  5471 | D:6      | Identified the +8 flail "Otrug" {flame, *Rage Str+3 Int+5}
                  | (You found it on level 5 of the Dungeon)
  5515 | D:6      | Reached skill level 1 in Maces & Flails
  5515 | D:6      | Reached skill level 5 in Dodging
  5518 | D:6      | Reached XP level 9. HP: 71/79 MP: 8/8
  5693 | D:6      | Noticed Dowan
  5694 | D:6      | Noticed Duvessa
  5700 | D:6      | Killed Duvessa
  5701 | D:6      | Killed Dowan
  5767 | D:6      | Reached skill level 1 in Throwing
  6270 | D:7      | Found a staircase to the Ecumenical Temple.
  6610 | D:7      | Found Ewefavocw's General Store.
  6772 | D:7      | Reached skill level 1 in Bows
  7011 | D:8      | Reached skill level 1 in Long Blades
  7328 | D:8      | Found a glowing golden altar of the Shining One.
  7524 | D:8      | Found a basalt altar of Yredelemnul.
  7540 | D:8      | Noticed Erica
  7547 | D:8      | Killed Erica
  7547 | D:8      | Reached XP level 10. HP: 90/90 MP: 9/9
  7787 | D:9      | Found a blossoming altar of Fedhas.
  7849 | D:9      | Reached skill level 5 in Long Blades
  8031 | D:9      | Reached ***** piety under Trog
  8280 | D:9      | Reached skill level 5 in Maces & Flails
  8714 | D:9      | Found a staircase to the Lair.
  8714 | D:9      | Noticed an elephant
  8735 | D:9      | HP: 3/91 [yak (4)]
  8735 | D:9      | Mangled by a troll

Skill      XL: |  1  2  3  4  5  6  7  8  9 10 |
---------------+-------------------------------+-----
Axes           | 4 5 6 |  6.0
Fighting       | 4 5 7 8 9 |  9.2
Dodging        | 3 4 5 6 |  6.6
Armour         | 3 4 |  4.8
Polearms       | 3 4 7 9 |  9.4
Stealth        | 1 2 3 |  3.2
Maces & Flails | 1 4 5 |  5.8
Throwing       | 1 |  1.0
Bows           | 1 |  1.9
Long Blades    | 4 6 |  6.9

Action                   |  1- 3 |  4- 6 |  7- 9 | 10-12 || total
-------------------------+-------+-------+-------+-------++-------
Melee: Hand axe          |    70 |    44 |       |       ||   114
       Headbutt          |    10 |    28 |    46 |    12 ||    96
       Halberd           |       |   122 |    89 |       ||   211
       Flail             |       |       |    53 |    38 ||    91
       Great sword       |       |       |    39 |    14 ||    53
       Battleaxe         |       |       |    10 |       ||    10
 Fire: Shortbow          |       |       |    10 |     2 ||    12
Throw: Stone             |       |     2 |       |       ||     2
       Tomahawk          |       |       |     2 |       ||     2
Invok: Berserk           |     2 |     4 |     4 |     1 ||    11
       Trog's Hand       |       |     2 |     3 |     3 ||     8
  Use: Scroll            |       |     7 |    12 |       ||    19
       Potion            |       |       |       |     1 ||     1
 Stab: Sleeping          |       |       |     2 |       ||     2
  Eat: Chunk             |     4 |    11 |    15 |     4 ||    34
       Ration            |       |       |     1 |       ||     1
Armor: Animal skin       |    17 |     4 |    31 |    16 ||    68
       Ring mail         |       |    43 |       |       ||    43
Dodge: Dodged            |    41 |   109 |   127 |    80 ||   357
       Rpst.: Great sword |       |       |     6 |     2 ||     8
